 Dungeon Crawl Stone Soup version 0.30-b1-2-g02819fbbbe (webtiles) character file.

Game seed: 10988515871797507305

35 Arcadio the Magician (level 3, -2/28 HPs)
             Began as a Djinni Fire Elementalist on May 17, 2023.
             Slain by an adder (4 damage)
             ... on level 3 of the Dungeon.
             The game lasted 00:03:43 (1210 turns).

Arcadio the Magician (Djinni Fire Elementalist)     Turns: 1210, Time: 00:03:45

Health: -2/28      AC:  2    Str:  7    XL:     3   Next: 52%
Gold:   13         EV: 12    Int: 18    God:
                   SH:  0    Dex: 13

rFire   + + .        f - +0 dagger
rCold   x . .        (no shield)
rNeg    . . .        a - +0 robe
rPois   ∞            (no helmet)
rElec   .            (no cloak)
rCorr   .            (no gloves)
SInv    .            (boots unavailable)
Will    .....        (no amulet)
Stlth   ++           (no ring)
HPRegen 0.24/turn    (no ring)
MPRegen 0.00/turn

%: infuse magic (-3 HP)
@: flying
A: sickness immunity, fire resistance 2, cold vulnerability 1, float, innate
caster, HP casting, extra vitality 1
a: no special abilities


You were on level 3 of the Dungeon.
You visited 1 branch of the dungeon, and saw 3 of its levels.

You collected 13 gold pieces.

Inventory:

Hand Weapons
 e - a +0 flail
 f - a +0 dagger (weapon)
Armour
 a - a +0 robe (worn)
Magical Staves
 i - a staff of death
Scrolls
 b - a scroll of poison
 g - a scroll of teleportation {unknown}
 j - a scroll of identify {unknown}
Potions
 c - a potion of invisibility {unknown}
 d - 2 potions of berserk rage {unknown}
 h - a potion of haste {unknown}
 k - a potion of might {unknown}
 l - a potion of mutation {unknown}
 m - a potion of lignification {unknown}


   Skills:
 + Level 1.9 Fighting
 - Level 2.1 Dodging
 - Level 1.5 Stealth
 + Level 3.0 Spellcasting


You knew the following spells:

 Your Spells              Type           Power      Damage    Failure   Level
a - Foxfire               Conj/Fire      52%        2x1d6     4%          1
b - Scorch                Fire           26%        2d6       7%          2
c - Volatile Blastmotes   Fire/Tloc      26%        2d12      14%         3
d - Inner Flame           Hex/Fire       13%        N/A       14%         3
e - Flame Wave            Conj/Fire      13%        2d6       43%         4
f - Magic Dart            Conj           52%        1d5       4%          1
Your spell library was empty.

Dungeon Overview and Level Annotations

Branches:
Dungeon (3/15) Zot: 16790

Altars:

Shops:
D:3 (


Innate Abilities, Weirdness & Mutations

You are immune to sickness and miasma.
You are immune to poison.
Your flesh is very heat resistant. (rF++)
You are vulnerable to cold. (rC-)
You float through the air rather than walking.
You learn spells naturally, not from books.
Your magical power is your life essence.
You have superior vitality. (+4 MHP)


Message History

Casting: Foxfire (safe; 4% risk of failure)
Confirm with . or Enter, or press ? or * to list all spells.
You conjure some foxfire!
The foxfire hits the orc.
The orc is moderately wounded.
Your foxfire dissipates!
Casting: Foxfire (safe; 4% risk of failure)
Confirm with . or Enter, or press ? or * to list all spells.
You conjure some foxfire!
Your foxfire dissipates!
An adder comes into view.
The foxfire hits something.
Something hits you.
Casting: Foxfire (safe; 4% risk of failure)
Confirm with . or Enter, or press ? or * to list all spells.
You conjure some foxfire!
You hear some strange, mumbled words.
A magic dart appears from out of thin air!
The magic dart hits you!
Your foxfire dissipates!
The orc attacks as you move away! The orc hits you with a +0 club.
The adder hisses angrily.
You hear an angry hiss.
The foxfire hits something.
A frilled lizard comes into view.
Casting: Foxfire (safe; 4% risk of failure)
Confirm with . or Enter, or press ? or * to list all spells.
You conjure some foxfire!
You hear some strange, mumbled words.
Something tries to affect you, but you resist.
Your foxfire dissipates!
Something hits you. The adder attacks as you move away! The adder misses you.
The foxfire hits the adder.
The adder is heavily wounded.
Casting: Foxfire (safe; 4% risk of failure)
Confirm with . or Enter, or press ? or * to list all spells.
Flames lash the orc.
You kill the orc!
* * * LOW HITPOINT WARNING * * *
The adder bites you.
* * * LOW HITPOINT WARNING * * *
The adder bites you.
You die...

#..♣.♣........
#.♣...♣..#....
#♣..∩..♣#)...#
#.♣...♣...##.#
#..♣.♣)....... #
##.[.♣....?^..#.#
#....†..#..#...
#.##.##.#..#.##.## ##
#.##.##.#.@......#
.######.##....).S......#
....##.....##.##.#####.#
.##.##.###.##.##...
....>..# #....##.#...
.##.##.# #.#####...l...
.##.##.....# ### #..#
....####.### ###
...........


You could see an adder.

Vanquished Creatures
  A worm (D:2)
  2 orcs (D:3)
  An endoplasm (D:2)
  4 giant cockroaches (D:2)
  3 goblins
  A hobgoblin (D:2)
  A quokka (D:3)
  A ball python (D:2)
  7 bats
  3 frilled lizards (D:2)
  4 kobolds
  3 rats (D:2)
31 creatures vanquished.

Vanquished Creatures (others)
  75 foxfires
75 creatures vanquished.

Grand Total: 106 creatures vanquished

Notes
Turn   | Place    | Note
-------+----------+-------------------------------------------
     0 | D:1      | Arcadio the Djinni Fire Elementalist began the quest for
                  | the Orb.
     0 | D:1      | Arcadio set off with the following spells memorised:
                  | Foxfire, Scorch, Volatile Blastmotes, Inner Flame, Flame
                  | Wave.
     0 | D:1      | Reached XP level 1. HP: 15/15 MP: 0/0
    66 | D:1      | You are sucked into a shaft and drop 1 floor!
   143 | D:2      | Reached XP level 2. HP: 22/22 MP: 0/0
   158 | D:2      | Reached skill level 1 in Fighting
   717 | D:2      | Reached XP level 3. HP: 24/27 MP: 0/0
   717 | D:2      | Learned a level 1 spell: Magic Dart
  1172 | D:3      | Found Xoaw's Weapon Emporium.
  1188 | D:3      | Reached skill level 3 in Spellcasting
  1210 | D:3      | Slain by an adder

Illustrated notes

Levels and vault maps discovered:
D:1:      dpeg_arrival_leaves_temple_mockup, layout_loops_ring
D:2:      layout_basic
D:3:      layout_loops_cross, mainiacjoe_overflow_swirl, serial_shops,
          nicolae_diamond_shop, chequers_serial_rivers_room_b,
          grunt_decor_resistance, minmay_misc_feat_plants, uniq_jessica

Skill      XL: |  1  2  3 |
---------------+----------+-----
Fighting       | 1 |  1.9
Spellcasting   | 3 |  3.0
Dodging        | |  2.1
Stealth        | |  1.5

Action                     || total
---------------------------++-------
  Melee: Dagger            ||     2
         Punch             ||     1
   Cast: Foxfire           ||    50
         Scorch            ||     1
    Use: Scroll            ||     1
   Stab: Sleeping          ||     1
 Armour: Robe              ||     2
  Dodge: Dodged            ||    15
